 Dungeon Crawl Stone Soup version 0.29.1-2-gbd0b4ee654 (webtiles) character file.

Game seed: 14297180028090994604

99 safid the Shooter (level 4, -6/41 HPs)
             Began as a Minotaur Hunter on Nov 17, 2022.
             Blown up by Ijyb (20 damage)
             ... with a mindburst bolt
             ... on level 3 of the Dungeon on Nov 18, 2022.
             The game lasted 00:03:45 (2079 turns).

safid the Shooter (Minotaur Hunter)                 Turns: 2079, Time: 00:03:46

Health: -6/41      AC:  7    Str: 16    XL:     4   Next: 45%
Magic:  3/3        EV: 10    Int:  6    God:
Gold:   112        SH:  0    Dex: 15    Spells: 3/3 levels left

rFire   . . .      SeeInvis .   a - +0 shortbow
rCold   . . .      Faith    .   (shield currently unavailable)
rNeg    . . .      Spirit   .   h - +0 scale mail
rPois   .          Reflect  .   (helmet restricted)
rElec   .          Harm     .   (no cloak)
rCorr   .          Rampage  .   m - +0 pair of gloves
Will    .....                   (no boots)
Stlth   ..........              (no amulet)
HPRegen 0.13/turn               (no ring)
MPRegen 0.08/turn               (no ring)

@: no status effects
A: horns 2, retaliatory headbutt
a: no special abilities


You were on level 3 of the Dungeon.
You visited 1 branch of the dungeon, and saw 3 of its levels.

You collected 112 gold pieces.

Inventory:

Hand Weapons
 a - a +0 shortbow (weapon)
Armour
 h - a +0 scale mail (worn)
 m - a +0 pair of gloves (worn)
Scrolls
 b - 3 scrolls of identify {unknown}
 c - 2 scrolls of enchant weapon {unknown}
 d - 2 scrolls of amnesia {unknown}
 e - 3 scrolls of vulnerability {unknown}
 f - a scroll of fog {unknown}
 l - a scroll of teleportation {unknown}
 n - a scroll of poison {unknown}
Potions
 g - a potion of might {unknown}
 i - a potion of magic {unknown}
 j - 2 potions of cancellation {unknown}
 k - 2 potions of curing {unknown}


   Skills:
 + Level 4.4 Fighting
 + Level 5.5 Ranged Weapons
 - Level 2.1 Dodging
 - Level 0.7 Stealth


You had 3 spell levels left.
You didn't know any spells.
Your spell library contained the following spells:

 Spells                   Type           Power      Damage    Failure   Level
 Gell's Gravitas          Tloc           0%         N/A       99%         3
 Lesser Beckoning         Tloc           0%         N/A       99%         3
 Ozocubu's Armour         Ice            0%         N/A       99%         3
 Teleport Other           Tloc           0%         N/A       99%         3
 Metabolic Englaciation   Hex/Ice        0%         N/A       100%        5
 Simulacrum               Ice/Necr       0%         N/A       100%        6


Dungeon Overview and Level Annotations

Branches:
Dungeon (3/15)

Altars:
Dithmenos

Annotations:
D:3 Ijyb


Innate Abilities, Weirdness & Mutations

You have a pair of horns on your head.
You reflexively headbutt those who attack you in melee.


Message History

You shoot an arrow. The arrow barely misses Ijyb.
Ijyb zaps a wand.
Your mind is blasted!
You shoot an arrow. The arrow hits Ijyb.
Ijyb is lightly wounded.
Ijyb zaps a wand.
Your mind is blasted!
You shoot an arrow. The arrow hits Ijyb.
Ijyb is moderately wounded.
You shoot an arrow. The arrow hits Ijyb.
Ijyb is moderately wounded.
Ijyb zaps a wand.
Your mind is blasted!
You shoot an arrow. The arrow hits Ijyb but does no damage.
Ijyb is moderately wounded.
Ijyb zaps a wand.
Your mind is blasted!
You shoot an arrow. The arrow hits Ijyb.
Ijyb is heavily wounded.
You shoot an arrow. The arrow hits Ijyb!
Ijyb is almost dead.
Ijyb barely misses you.
You shoot an arrow. The arrow closely misses Ijyb.
Ijyb hits you with a +5 club!
You are too injured to fight recklessly!
You are too injured to fight recklessly!
You are too injured to fight recklessly!
You are too injured to fight recklessly!
You are too injured to fight recklessly!
You are too injured to fight recklessly!
You are too injured to fight recklessly!
You are too injured to fight recklessly!
You are too injured to fight recklessly!
You are too injured to fight recklessly!
Unknown command.
Unknown command.
Unknown command.
Fire: a) +0 shortbow
Press: ? - help, Q - select action Shift-Dir - straight line, f/p - Ijyb
Aim: Ijyb, wielding a +5 club, wearing a +0 leather armour and carrying a wand of mindburst (12) (almost dead, 56% to hit)
You shoot an arrow. The arrow hits Ijyb but does no damage.
Ijyb is almost dead.
Ijyb hits you with a +5 club.
Ijyb zaps a wand.
Your mind is blasted!
You die...

#.#.# ###.#.###
#.......#
#.#####.# #.# #.#
#.# #.##### #.#
#.....#
######.#####.###.#
.............# #@#
#######.###.## #g#
#.# #.# #.#
#.###.## #.#
#.##...###.#
#.......##.#
####....##.#
##.#.##.# #†#.#


You could see Ijyb.

Vanquished Creatures
  5 adders
  2 bats
  5 endoplasms
  A giant cockroach (D:3)
  3 goblins
  7 hobgoblins
  6 jackals (D:2)
  A kobold (D:3)
  A quokka (D:2)
  9 ball pythons
  3 frilled lizards
  7 rats
50 creatures vanquished.

Notes
Turn   | Place    | Note
-------+----------+-------------------------------------------
     0 | D:1      | safid the Minotaur Hunter began the quest for the Orb.
     0 | D:1      | Reached XP level 1. HP: 18/18 MP: 0/0
   286 | D:1      | Reached XP level 2. HP: 26/26 MP: 1/1
   562 | D:1      | Found a faded altar of an unknown god.
  1039 | D:2      | Reached skill level 5 in Ranged Weapons
  1039 | D:2      | Reached XP level 3. HP: 31/31 MP: 2/2
  1472 | D:2      | Found a shadowy altar of Dithmenos.
  1595 | D:2      | Reached XP level 4. HP: 37/40 MP: 3/3
  2070 | D:3      | Noticed Ijyb
  2079 | D:3      | Blown up by Ijyb

Illustrated notes

Levels and vault maps discovered:
D:1:      lemuel_arrival_lava_pool, layout_basic,
          shapermc_ecumenical_altar_mp_ritualfount
D:2:      layout_loops_cross, basic_altar, minmay_tromino_v2
D:3:      layout_loops_ring, uniq_ijyb, uniq_grinder

Skill      XL: |  1  2  3 |
---------------+----------+-----
Fighting       | 3 4 |  4.4
Ranged Weapons | 5 |  5.5
Dodging        | |  2.1
Stealth        | |  0.7

Action                   |  1- 3 |  4- 6 || total
-------------------------+-------+-------++-------
 Fire: Shortbow          |   114 |    49 ||   163
Armor: Scale mail        |    27 |    17 ||    44
Dodge: Dodged            |    29 |    21 ||    50
